 Dungeon Crawl Stone Soup version 0.29-a0-341-g24ffce5b50 (webtiles) character file.

Game seed: 17011001182866112602

317 zishaf the Skirmisher (level 6, 0/52 HPs)
             Began as a Palentonga Abyssal Knight on Apr 20, 2022.
             Was a Priest of Lugonu.
             Succumbed to a scorpion's poison
             ... on level 4 of the Dungeon.
             The game lasted 00:04:11 (3328 turns).

zishaf the Skirmisher (Palentonga Abyssal Knight)   Turns: 3328, Time: 00:04:11

Health: 0/52       AC:  7    Str: 19    XL:     6   Next: 20%
Magic:  9/9        EV:  8    Int: 10    God:    Lugonu [***...]
Gold:   182        SH:  0    Dex: 10    Spells: 5/5 levels left

rFire   . . .      SeeInvis +   a - +2 mace
rCold   . . .      Faith    .   (no shield)
rNeg    . . .      Spirit   .   g - +0 ring mail
rPois   .          Reflect  .   n - +0 helmet
rElec   .          Harm     .   (no cloak)
rCorr   .          Rampage  .   e - +0 pair of gloves
Will    .....                   (no barding)
Stlth   ..........              h - amulet of the acrobat
HPRegen 0.17/turn               (no ring)
MPRegen 0.11/turn               (no ring)

@: mighty, lethally poisoned (0 -> -5), attractive
A: large, rugged brown scales 3, see invisible, deformed body, roll 1, armoured
tail
a: Rolling Charge, Renounce Religion, Depart the Abyss, Bend Space, Banish


You were on level 4 of the Dungeon.
You worshipped Lugonu.
Lugonu was most pleased with you.
You visited 1 branch of the dungeon, and saw 4 of its levels.
You visited the Abyss 1 time.

You collected 182 gold pieces.

Inventory:

Hand Weapons
 a - a +2 mace (weapon)
Missiles
 m - 5 poisoned darts
Armour
 b - a +0 leather armour
 d - a +1 hat
 e - a +0 pair of gloves (worn)
 g - a +0 ring mail (worn)
 n - a +0 helmet (worn)
Jewellery
 h - an amulet of the acrobat (around neck)
Scrolls
 l - 2 scrolls of enchant weapon
Potions
 c - a potion of ambrosia
 f - a potion of cancellation
 i - a potion of lignification
 k - a potion of might


   Skills:
 + Level 4.6 Fighting
 + Level 4.0 Maces & Flails
 - Level 1.5 Armour
 - Level 0.7 Dodging
 + Level 4.4 Invocations


You had 5 spell levels left.
You didn't know any spells.
Your spell library contained the following spells:

 Spells                   Type           Power      Damage    Failure   Level
 Ensorcelled Hibernation  Hex/Ice        0%         N/A       69%         2
 Passwall                 Tmut/Erth      0%         N/A       69%         2
 Swiftness                Air            0%         N/A       89%         3


Dungeon Overview and Level Annotations

Branches:
Dungeon (4/15)             Temple (0/1) D:4

Altars:


Innate Abilities, Weirdness & Mutations

You are completely covered in rugged brown scales. (AC +3, +7% HP)
You have supernaturally acute eyesight. (SInv)
Armour fits poorly on your strangely shaped body.
You can roll at nearby foes to attack.
You have a long armoured tail.


Message History

You closely miss the scorpion.
The scorpion is moderately wounded.
You feel very sick. The scorpion completely misses you.
The scorpion barely misses you.
You barely miss the scorpion.
The scorpion is moderately wounded.
You feel sick. The scorpion closely misses you.
You hit the scorpion.
The scorpion is heavily wounded.
You feel sick. The scorpion completely misses you.
The scorpion closely misses you.
You hit the scorpion.
The scorpion is heavily wounded.
You feel sick.
The scorpion stings you but does no damage.
You barely miss the scorpion.
The scorpion is heavily wounded.
You feel sick. The scorpion stings you.
* * * LOW HITPOINT WARNING * * *
You are more poisoned.
The scorpion poisons you!
You hit the scorpion.
The scorpion is severely wounded.
* * * LOW HITPOINT WARNING * * *
You feel very sick.
The scorpion stings you but does no damage. x2
You hit the scorpion but do no damage.
The scorpion is severely wounded.
* * * LOW HITPOINT WARNING * * *
You feel sick. The scorpion stings you.
* * * LOW HITPOINT WARNING * * *
It was a potion of might.
You feel very mighty all of a sudden.
* * * LOW HITPOINT WARNING * * *
You feel sick. The scorpion stings you.
* * * LOW HITPOINT WARNING * * *
The scorpion closely misses you.
It was a potion of attraction.
You feel attractive to monsters.
You die...

.......... .
......#.# #. .
.....##.# #.#.# .. #
##.>.##.###.#.#.>. ?#
#........#.#.#.. #.#
#...####..#.#.###.#.#
#...# #..#..#...#..#
...### #...#..###J.#
##.#
##...##.@s##....# #.#
##....###........ #.#
###.#.# .####### #.
...#...## #####.###
.# .# .# ##


You could see a scorpion and an endoplasm.

Vanquished Creatures
  2 scorpions
  Jessica (D:2)
  An iguana (D:4)
  4 gnolls
  3 adders
  A worm (D:3)
  2 dart slugs (D:1)
  2 orcs (D:3)
  4 ball pythons
  3 bats
  4 endoplasms
  A giant cockroach (D:1)
  4 goblins
  2 hobgoblins
  4 jackals
  5 quokkas
  A frilled lizard (D:2)
  4 kobolds
  7 rats
55 creatures vanquished.

Notes
Turn   | Place    | Note
-------+----------+-------------------------------------------
     0 | Abyss:1  | zishaf the Palentonga Abyssal Knight began the quest for
                  | the Orb.
     0 | Abyss:1  | Reached XP level 1. HP: 19/19 MP: 2/2
     7 | D:1      | Escaped the Abyss
    22 | D:1      | Reached XP level 2. HP: 20/25 MP: 3/3
   353 | D:1      | Reached XP level 3. HP: 31/31 MP: 3/5
   769 | D:2      | Noticed Jessica
   773 | D:2      | Killed Jessica
   882 | D:2      | Reached XP level 4. HP: 18/39 MP: 6/6
  1202 | D:2      | Reached *** piety under Lugonu
  1264 | D:2      | Found a faded altar of an unknown god.
  1961 | D:3      | Noticed a scorpion
  1979 | D:3      | Killed a scorpion
  1980 | D:3      | Reached XP level 5. HP: 6/44 MP: 7/7
  3291 | D:4      | Found a staircase to the Ecumenical Temple.
  3302 | D:4      | Reached XP level 6. HP: 43/52 MP: 9/9
  3327 | D:4      | HP: 1/52 [scorpion (4)]
  3328 | D:4      | Succumbed to a scorpion's poison

Illustrated notes

Levels and vault maps discovered:
D:1:      scummos_arrival_simple_crosswalls, layout_rooms, glass_columns_a,
          chequers_decorated_corner, chequers_serial_rivers_small_3,
          amcnicky_mini_corridor_feature
D:2:      layout_basic, shapermc_ecumenical_altar_hornbeckon, serial_glass,
          glass_columns_b, glass_columns_a, glass_columns_b, glass_columns_a,
          glass_columns_a, glass_columns_c, glass_columns_a, glass_columns_c,
          ebering_dispersal_statue_hall, kennysheep_jessica_study
D:3:      layout_basic
D:4:      layout_loops_ring, minmay_temple_entry_steel_oval,
          hangedman_minor_gate_pass

Skill      XL: |  1  2  3  4  5 |
---------------+----------------+-----
Invocations    | 3 4 |  4.4
Maces & Flails | 3 4 |  4.0
Fighting       | 4 |  4.6
Armour         | |  1.5
Dodging        | |  0.7

Action                   |  1- 3 |  4- 6 || total
-------------------------+-------+-------++-------
Melee: Mace              |    53 |    99 ||   152
       Tailslap          |    10 |    14 ||    24
Invok: Banish            |       |     1 ||     1
 Abil: Rolling Charge    |    22 |    20 ||    42
  Use: Scroll            |       |     7 ||     7
       Potion            |       |     2 ||     2
Armor: Leather armour    |     3 |       ||     3
       Ring mail         |    35 |    37 ||    72
Dodge: Dodged            |    27 |    56 ||    83

Table legend: (Time is in decaauts)
 A = Elapsed time spent in this place.
 B = Non-inter-level travel time spent in this place.
 C = Inter-level travel time spent in this place.
 D = Time resting spent in this place.
 E = Time spent auto-exploring this place.
 F = Levels seen in this place.
 G = Mean time per level.
                   A        B        C        D        E       F      G
               +--------+--------+--------+--------+--------+-----+--------+
         Total |   3376 |   3212 |    164 |    471 |   2283 |   5 |  675.2 |
       Dungeon |   3369 |   3205 |    164 |    471 |   2283 |   4 |  842.2 |
         Abyss |      7 |      7 |      0 |      0 |      0 |   1 |    7.0 |
               +--------+--------+--------+--------+--------+-----+--------+

Top non-repeatable levels by time:
     D:3: 1687 daAuts
     D:2: 912 daAuts
     D:1: 660 daAuts
     D:4: 109 daAuts
 Abyss:1: 7 daAuts
